 Dungeon Crawl Stone Soup version 0.30-a0-939-gc8157cb160 (webtiles) character file.

Game seed: 3674536949270815025

26273 Leonnitro the Warrior (level 12, -38/121 HPs)
             Began as a Minotaur Berserker on Mar 25, 2023.
             Was an Elder of Trog.
             Killed from afar by a deep elf pyromancer (55 damage)
             ... with a bolt of fire
             ... on level 1 of the Elven Halls.
             The game lasted 01:12:08 (24554 turns).

Leonnitro the Warrior (Minotaur Berserker)         Turns: 24554, Time: 01:12:09

Health: -38/121    AC: 22    Str: 25    XL:     12   Next: 96%
Magic:  11/11      EV:  9    Int: 13    God:    Trog [****..]
Gold:   1265       SH: 15    Dex: 12    Spells: 11/11 levels left

rFire   x . .      SeeInvis .    A - +1 broad axe of Wuephac {holy, Drain Will+ Int+7}
rCold   + . .      Faith    .    b - +0 kite shield
rNeg    . . .      Spirit   .    k - +1 plate armour {rPois}
rPois   +          Reflect  +    (helmet restricted)
rElec   .          Rampage  .    q - +0 cloak
rCorr   .                        c - +1 pair of gloves of the Other Side {Str+2}
Will    +....                    D - +0 pair of boots Stlth
                                 Q - amulet of reflection
HPRegen 0.40/turn                o - ring of ice
MPRegen 0.12/turn                K - ring of poison resistance

@: on berserk cooldown, slowed, very slow
A: horns 2, retaliatory headbutt
a: Renounce Religion, Berserk, Trog's Hand, Brothers in Arms


You were on level 1 of the Elven Halls.
You worshipped Trog.
Trog was greatly pleased with you.
You visited 4 branches of the dungeon, and saw 14 of its levels.

You collected 1265 gold pieces.

Inventory:

Hand Weapons
 a - a +0 heavy battleaxe
 r - a +1 war axe
 u - a +3 war axe of electrocution
 y - a +3 mace of protection
 z - a +3 bardiche
 A - the +1 broad axe of Wuephac (weapon) {holy, Drain Will+ Int+7}
   (You took it off a tengu warrior on level 2 of the Orcish Mines)

   Int:       It affects your intelligence (+7).
   Drain:     It drains your maximum health when unequipped.
   Will:      It increases your willpower.
 F - a +2 vampiric hand axe
 N - a +3 hand axe of freezing
Missiles
 f - 2 curare-tipped darts
 l - 20 poisoned darts
 O - 15 boomerangs (quivered)
Armour
 b - a +0 kite shield (worn)
 c - the +1 pair of gloves of the Other Side (worn) {Str+2}
   (You acquired it on level 3 of the Dungeon)

   Str:       It affects your strength (+2).
 e - a +0 buckler
 i - a +0 plate armour
 k - a +1 plate armour of poison resistance (worn)
 m - a +0 troll leather armour
 n - a +1 chain mail
 q - a +0 cloak (worn)
 v - a +0 chain mail
 D - a +0 pair of boots (worn)
 E - a +2 kite shield of poison resistance
 H - a +2 leather armour of poison resistance
 I - +0 steam dragon scales
Jewellery
 o - a ring of ice (left hand)
 K - a ring of poison resistance (right hand)
 Q - an amulet of reflection (around neck)
Scrolls
 j - 4 scrolls of acquirement
 s - 2 scrolls of vulnerability
 w - 4 scrolls of poison
 x - 2 scrolls of amnesia
 B - a scroll of teleportation
 J - 2 scrolls of enchant armour
 M - 2 scrolls of fear
 V - a scroll of fog
Potions
 d - 3 potions of curing
 g - a potion of lignification
 h - a potion of resistance
 p - 2 potions of attraction
 t - 3 potions of might
 C - a potion of brilliance
 L - a potion of flight
 S - a potion of mutation
 U - a potion of heal wounds
Miscellaneous
 P - a box of beasts
 T - a box of beasts


   Skills:
 - Level 15.4 Fighting
 * Level 14.1 Axes
 - Level 12.1 Armour
 - Level 7.3 Dodging
 - Level 9.2 Shields


You had 11 spell levels left.
You didn't know any spells.
Your spell library contained the following spells:

 Spells                   Type           Power      Damage    Failure   Level
 Magic Dart               Conj           0%         1d3       100%        1
 Summon Small Mammal      Summ           0%         N/A       100%        1
 Blink                    Tloc           0%         N/A       100%        2
 Call Imp                 Summ           0%         N/A       100%        2
 Call Canine Familiar     Summ           0%         N/A       100%        3
 Dazzling Flash           Conj/Hex       0%         N/A       100%        3
 Gell's Gravitas          Tloc           0%         N/A       100%        3
 Mephitic Cloud           Conj/Pois/Air  0%         N/A       100%        3
 Summon Guardian Golem    Hex/Summ       0%         N/A       100%        3
 Teleport Other           Tloc           0%         N/A       100%        3
 Animate Dead             Necr           0%         N/A       100%        4
 Iskenderun's Mystic Bla  Conj/Tloc      0%         2d3       100%        4
 Manifold Assault         Tloc           0%         N/A       100%        4
 Alistair's Intoxication  Tmut/Pois      0%         N/A       100%        5
 Borgnjor's Vile Clutch   Necr/Erth      0%         N/A       100%        5
 Death Channel            Necr           0%         N/A       100%        6
 Dispersal                Tloc           0%         N/A       100%        6
 Eringya's Noxious Bog    Tmut/Pois      0%         N/A       100%        6
 Starburst                Conj/Fire      0%         6d3       100%        6
 Storm Form               Tmut/Air       0%         N/A       100%        7


Dungeon Overview and Level Annotations

Branches:
Dungeon (10/15)            Temple (1/1) D:5             Orc (2/2) D:10 Zot: 880
    Elf (1/3) Orc:2
   Lair: D:8-11

Altars:
Ashenzari
Cheibriados
Dithmenos
Elyvilon
Fedhas
Gozag
Hepliaklqana
Kikubaaqudgha
Makhleb
Nemelex Xobeh
Okawaru
Qazlal
Ru
Sif Muna
Trog
Uskayaw
Vehumet
Wu Jian
Xom
Yredelemnul
Zin
The Shining One

Shops:
D:3 (   D:8 *   Orc:2 [![((


Innate Abilities, Weirdness & Mutations

You have a pair of horns on your head.
You reflexively headbutt those who attack you in melee.


Message History

* * * LOW HITPOINT WARNING * * *
You closely miss the fire elemental.
The fire elemental is lightly damaged.
You block the fire elemental's attack.
You barely miss the fire elemental.
Your headbutt misses the fire elemental.
The fire elemental is lightly damaged.
The fire elemental hits you. The fire elemental burns you!
The fire burns you terribly!
* * * LOW HITPOINT WARNING * * *
You hit the fire elemental.
Your headbutt misses the fire elemental.
The fire elemental is moderately damaged.
The fire elemental hits you. The fire elemental burns you!
The fire burns you terribly!
* * * LOW HITPOINT WARNING * * *
The deep elf pyromancer casts a spell at you.
The bolt of fire hits the fire elemental.
The fire elemental completely resists.
The bolt of fire hits you! The fire burns you terribly!
* * * LOW HITPOINT WARNING * * *
You are too berserk!
You feel a strong urge to attack something.
You feel your anger nearly subside.
You are no longer berserk.
You are exhausted.
You feel yourself slow down.
It was a potion of heal wounds.
You feel much better. The fire elemental hits you.
The fire elemental burns you! The fire burns you terribly!
* * * LOW HITPOINT WARNING * * *
The fire elemental barely misses you. You block the fire elemental's attack.
The fire elemental hits you. The fire elemental burns you!
The fire burns you terribly!
* * * LOW HITPOINT WARNING * * *
The deep elf pyromancer points at you and mumbles some strange words.
The bolt of fire hits the fire elemental.
The fire elemental completely resists.
The bolt of fire hits you!!! The fire burns you terribly!
You die...

#. #.# #.# # #.#
#.# ##.###.
..##.# ###..##.#
#...# #..#....#
#..###e.###.#.#
#
#...e)...#..##.
#.
##.°######..####
#..###○○.# ##.#
# #^@E##.# #.
######.# #. #..
.. ####


You could see a deep elf pyromancer and a fire elemental (summoned).

Vanquished Creatures
  The ghost of Kiciri the Transmogrifier, a journeyman DrTm of Ru (Orc:2)
  A centaur warrior (D:9)
  2 tengu warriors (Orc:2)
  2 two-headed ogres
  3 dancing weapons (Elf:1)
  An orc high priest (Orc:1)
  Sonja (D:10)
  2 deep elf knights (Elf:1)
  A deep elf archer (Orc:2)
  12 orc knights
  A deep elf zephyrmancer (Elf:1)
  Pikel (D:9)
  A cyclops (D:9)
  An orc sorcerer (Orc:1)
  A gargoyle (D:10)
  5 trolls
  Prince Ribbit (D:7)
  A hornet (D:9)
  A shadow (D:10)
  2 wyverns
  A yak (D:9)
  A fire elemental (Elf:1)
  A steam dragon (D:7)
  14 wargs
  39 orc warriors
  3 black bears
  4 wolves (Orc:2)
  6 ogres
  2 lemures (D:9)
  A phantom (D:4)
  5 centaurs
  2 kobold brigands
  2 bullfrogs
  A gnoll sergeant (D:10)
  2 scorpions
  4 wights (D:8)
  4 killer bees
  A howler monkey (D:9)
  A jelly (D:5)
  8 orc priests
  6 iguanas
  A gnoll bouda (D:7)
  Natasha (D:2)
  12 orc wizards
  Ijyb (D:3)
  15 adders
  8 gnolls
  3 white imps
  5 ufetubi
  2 worms (D:4)
  4 dart slugs
  83 orcs
  12 endoplasms
  2 giant cockroaches
  7 goblins
  6 hobgoblins
  8 jackals (D:1)
  8 kobolds
  A quokka (D:3)
  11 ball pythons
  A bat (D:3)
  A frilled lizard (D:3)
  5 rats
346 creatures vanquished.

Vanquished Creatures (others)
  Maurice (D:8)
  A shadow (D:9)
  2 gnolls (D:7)
  4 plants (D:2)
8 creatures vanquished.

Grand Total: 354 creatures vanquished

Notes
Turn   | Place    | Note
-------+----------+-------------------------------------------
     0 | D:1      | Leonnitro the Minotaur Berserker began the quest for the
                  | Orb.
     0 | D:1      | Reached XP level 1. HP: 19/19 MP: 0/0
   243 | D:1      | Reached XP level 2. HP: 11/27 MP: 1/1
   494 | D:1      | Reached skill level 4 in Fighting
   589 | D:1      | Reached XP level 3. HP: 25/33 MP: 2/2
   632 | D:1      | Reached ** piety under Trog
  1312 | D:2      | Reached XP level 4. HP: 40/40 MP: 3/3
  2137 | D:3      | Found a hide-covered altar of Uskayaw.
  2180 | D:3      | Noticed Natasha
  2319 | D:2      | Killed Natasha
  2320 | D:2      | Reached skill level 5 in Axes
  2450 | D:3      | Found a blossoming altar of Fedhas.
  2518 | D:3      | Found Wintomer's Antique Weapon Boutique.
  2556 | D:3      | Identified 3 scrolls of acquirement
  2556 | D:3      | Acquired the +1 pair of gloves of the Other Side {Str+2}
  2563 | D:3      | Noticed Ijyb
  2572 | D:3      | Killed Ijyb
  2573 | D:3      | Reached XP level 5. HP: 47/47 MP: 4/4
  3074 | D:3      | Found a basalt altar of Yredelemnul.
  3443 | D:4      | Found an opulent altar of Gozag.
  3534 | D:4      | Found a shimmering blue altar of Sif Muna.
  3608 | D:4      | Noticed a phantom
  3623 | D:4      | Killed a phantom
  3682 | D:4      | Reached XP level 6. HP: 40/53 MP: 5/5
  3687 | D:4      | Reached *** piety under Trog
  4440 | D:5      | Entered Level 5 of the Dungeon
  4623 | D:5      | Found a staircase to the Ecumenical Temple.
  4661 | D:5      | Reached XP level 7. HP: 60/60 MP: 6/6
  4679 | Temple   | Entered the Ecumenical Temple
  4783 | D:5      | Found a bloodstained altar of Trog.
  4913 | D:5      | Found an ornate altar of the Wu Jian Council.
  4934 | D:5      | Found a snail-covered altar of Cheibriados.
  4946 | D:5      | Found a shimmering altar of Xom.
  5301 | D:6      | Reached skill level 10 in Axes
  5514 | D:6      | Reached XP level 8. HP: 60/67 MP: 7/7
  6292 | D:7      | Noticed Prince Ribbit
  6308 | D:7      | Killed Prince Ribbit
  6308 | D:7      | Reached **** piety under Trog
  6573 | D:7      | Found a broken altar of Ashenzari.
  6606 | D:7      | Found an iron altar of Okawaru.
  7528 | D:8      | Found Zin's Purification Station.
  7531 | D:8      | Found a glowing silver altar of Zin.
  7543 | D:8      | Noticed a two-headed ogre
  7551 | D:8      | Killed a two-headed ogre
  7552 | D:8      | Reached XP level 9. HP: 72/72 MP: 8/8
  7828 | D:8      | Reached skill level 5 in Fighting
  7899 | D:8      | Found a radiant altar of Vehumet.
  7968 | D:8      | Found a sparkling altar of Nemelex Xobeh.
  8050 | D:8      | Noticed Maurice
  8057 | D:8      | Killed Maurice
  8362 | D:8      | Found a burning altar of Makhleb.
  9004 | D:9      | Noticed a centaur warrior
  9007 | D:9      | Noticed a cyclops
  9008 | D:9      | Reached skill level 5 in Armour
  9008 | D:9      | Found a basalt altar of Yredelemnul.
  9034 | D:9      | Killed a centaur warrior
  9035 | D:9      | Reached skill level 6 in Fighting
  9035 | D:9      | Reached skill level 5 in Dodging
  9045 | D:9      | Reached skill level 7 in Fighting
  9050 | D:9      | Reached XP level 10. HP: 27/86 MP: 9/9
  9060 | D:9      | Killed a cyclops
  9466 | D:9      | Noticed Pikel
  9494 | D:9      | Killed Pikel
  9560 | D:9      | Reached skill level 8 in Fighting
  9791 | D:9      | Found a hazy altar of Hepliaklqana.
 10325 | D:10     | Entered Level 10 of the Dungeon
 10325 | D:10     | Noticed a gargoyle
 10331 | D:10     | Killed a gargoyle
 10673 | D:10     | Reached skill level 9 in Fighting
 10747 | D:10     | Noticed Sonja
 11506 | D:10     | Killed Sonja
 11507 | D:10     | Reached skill level 10 in Fighting
 12209 | D:10     | Found a staircase to the Orcish Mines.
 12464 | Orc:1    | Entered Level 1 of the Orcish Mines
 12781 | Orc:1    | Noticed an orc sorcerer
 12787 | Orc:1    | Reached skill level 11 in Fighting
 12790 | Orc:1    | Killed an orc sorcerer
 12791 | Orc:1    | Reached XP level 11. HP: 101/101 MP: 10/10
 13381 | Orc:2    | Entered Level 2 of the Orcish Mines
 13395 | Orc:2    | Reached skill level 12 in Fighting
 13425 | Orc:1    | Reached ***** piety under Trog
 13692 | Orc:2    | Noticed an orc knight
 13695 | Orc:2    | Reached skill level 13 in Fighting
 13751 | Orc:1    | Killed an orc knight
 14264 | Orc:2    | Noticed a two-headed ogre
 14274 | Orc:2    | Killed a two-headed ogre
 14275 | Orc:2    | Reached skill level 14 in Fighting
 14289 | Orc:2    | Noticed an orc knight
 14302 | Orc:2    | Killed an orc knight
 14606 | Orc:2    | Noticed an orc knight
 14607 | Orc:2    | Noticed an orc knight
 14914 | Orc:1    | Killed an orc knight
 14921 | Orc:1    | Killed an orc knight
 14922 | Orc:1    | Reached skill level 15 in Fighting
 15495 | Orc:1    | Reached skill level 1 in Shields
 15933 | Orc:2    | Noticed an orc knight
 15935 | Orc:2    | Noticed an orc knight
 15967 | Orc:1    | Reached XP level 12. HP: 87/121 MP: 11/11
 16744 | Orc:2    | Reached skill level 5 in Shields
 16749 | Orc:2    | Noticed an orc high priest
 16846 | Orc:1    | Killed an orc high priest
 17082 | Orc:2    | Reached skill level 10 in Armour
 17216 | Orc:2    | Found Yffoj's Antique Weapon Shop.
 17216 | Orc:2    | Found Namatafi's Antique Weapon Shoppe.
 17291 | Orc:2    | Found Riug's Distillery.
 17291 | Orc:2    | Found Umygh's Antique Armour Shoppe.
 17360 | Orc:2    | Found a staircase to the Elven Halls.
 17388 | Orc:2    | Received a gift from Trog
 17566 | Orc:2    | Found a runed translucent gate.
 17567 | Orc:2    | Found a runed translucent gate.
 17567 | Orc:2    | Noticed Kiciri's ghost (journeyman DrTm)
 17568 | Orc:2    | Found a runed translucent gate.
 17568 | Orc:2    | Identified the +1 broad axe of Wuephac {holy, Drain Will+
                  | Int+7}
 17568 | Orc:2    | Noticed a tengu warrior
 17569 | Orc:2    | Found an iron altar of Okawaru.
 17569 | Orc:2    | Noticed a tengu warrior
 17570 | Orc:2    | Found Otothez's Antique Armour Shoppe.
 17611 | Orc:2    | Killed a tengu warrior
 17614 | Orc:2    | Killed Kiciri's ghost
 17639 | Orc:2    | Killed a tengu warrior
 23843 | Orc:2    | Glimpsed the power of Zot.
 23963 | Elf:1    | Entered Level 1 of the Elven Halls
 24554 | Elf:1    | Killed from afar by a deep elf pyromancer

Illustrated notes

Levels and vault maps discovered:
D:1:      heliophobic_arrival_glass_houses, layout_basic,
          minmay_misc_feat_plants, amcnicky_mini_corridor_feature,
          minmay_fountain_box
D:2:      cheibrodos_old_hovel, layout_loops_corners
D:3:      layout_basic, mainiacjoe_overflow_alcove_4,
          nicolae_overflow_crystal_walls, mainiacjoe_overflow_boulevard,
          serial_shops, nicolae_shop_advertising_works
          [nicolae_subvault_shop_adworks], uniq_natasha, uniq_ijyb
D:4:      layout_basic, lemuel_round_altar, nicolae_sif_muna_little_library,
          nrook_campfire, chequers_arboretum, chequers_serial_rivers_room_a
D:5:      layout_rooms, mainiacjoe_overflow_tiny_flanked, bloody_trog,
          mainiacjoe_overflow_big_doors, minmay_temple_entry_wispy
D:6:      layout_loops_ring, minmay_misc_feat_x, kennysheep_dice
D:7:      layout_basic, lemuel_crystal_altar, pf_just_have_faith,
          uniq_prince_ribbit1
D:8:      layout_basic, mainiacjoe_overflow_surrounded_room,
          nicolae_overflow_hidden_temple, zin_purify, lemuel_doored_altar,
          feat_on_display, uniq_maurice
D:9:      layout_roguey, nzn_hepliaklqana_mist_gate, minmay_ruined_shrine,
          uniq_pikel
D:10:     layout_long_grid, david_orc_1_choice, uniq_sonja
Temple:   hellmonk_temple_rainy
Orc:1:    layout_diamond_mine, nicolae_orc_bridge_out
Orc:2:    st_orc_town, layout_caves, serial_shops, nicolae_shop_stone,
          gammafunk_ghost_fury_of_okawaru, mines5_lemuel
Elf:1:    layout_loops_ring, basic_altar

Skill      XL: |  1  2  3  4  5  6  7  8  9 10 11 12 |
---------------+-------------------------------------+-----
Fighting       | 4 7 11 15 | 15.4
Axes           | 4 5 7 8 10 14 | 14.1
Armour         | 3 6 8 12 | 12.1
Dodging        | 3 5 7 |  7.3
Shields        | 2 9 |  9.2

Action                     |  1- 3 |  4- 6 |  7- 9 | 10-12 || total
---------------------------+-------+-------+-------+-------++-------
  Melee: Hand axe          |    91 |    24 |   141 |   350 ||   606
         Headbutt          |    13 |    21 |    33 |   111 ||   178
         War axe           |       |   129 |    84 |   193 ||   406
         Broad axe         |       |       |       |    71 ||    71
  Throw: Dart              |    10 |    13 |     9 |     2 ||    34
         Boomerang         |       |       |       |    30 ||    30
 Invoke: Berserk           |       |       |     3 |    13 ||    16
  Evoke: Box of beasts     |       |       |     1 |       ||     1
    Use: Scroll            |       |    11 |       |    11 ||    22
         Potion            |       |       |       |     8 ||     8
 Armour: Animal skin       |     5 |       |       |       ||     5
         Ring mail         |    31 |     8 |       |       ||    39
         Chain mail        |       |    98 |   137 |    62 ||   297
         Plate armour      |       |       |       |   219 ||   219
  Dodge: Dodged            |    58 |    68 |    92 |   173 ||   391
  Block: Buckler           |    10 |    18 |    30 |    22 ||    80
         Reflection        |       |       |     3 |    24 ||    27
         Kite shield       |       |       |       |   388 ||   388

Table legend: (Time is in decaauts)
 A = Elapsed time spent in this place.
 B = Non-inter-level travel time spent in this place.
 C = Inter-level travel time spent in this place.
 D = Time resting spent in this place.
 E = Time spent auto-exploring this place.
 F = Levels seen in this place.
 G = Mean time per level.
                   A        B        C        D        E       F      G
               +--------+--------+--------+--------+--------+-----+--------+
         Total |  24659 |  24659 |      0 |  12673 |   6094 |  14 | 1761.4 |
       Dungeon |  12901 |  12901 |      0 |   3733 |   4906 |  10 | 1290.1 |
        Temple |     44 |     44 |      0 |      0 |      0 |   1 |   44.0 |
  Orcish Mines |  11119 |  11119 |      0 |   8826 |    891 |   2 | 5559.5 |
   Elven Halls |    593 |    593 |      0 |    113 |    297 |   1 |  593.0 |
               +--------+--------+--------+--------+--------+-----+--------+

Top non-repeatable levels by time:
   Orc:2: 7905 daAuts
   Orc:1: 3214 daAuts
     D:9: 2104 daAuts
    D:10: 1915 daAuts
     D:8: 1520 daAuts
     D:7: 1513 daAuts
     D:3: 1211 daAuts
     D:2: 1156 daAuts
     D:1: 1092 daAuts
     D:4: 1025 daAuts
     D:6: 770 daAuts
   Elf:1: 593 daAuts
     D:5: 590 daAuts
  Temple: 44 daAuts
